 Dungeon Crawl Stone Soup version 0.28-a0-674-gdaf460b524 (webtiles) character file.

Game seed: 3764557437720075494

1759 Woods the Insei (level 8, -1/70 HPs)
             Began as a Yellow Draconian Transmuter on Oct 17, 2021.
             Was an Initiate of Wu Jian.
             Slain by Pikel (5 damage)
             ... while paralysed by Pikel
             ... on level 7 of the Dungeon.
             The game lasted 00:12:09 (7242 turns).

Woods the Insei (Yellow Draconian Transmuter)       Turns: 7242, Time: 00:12:10

Health: -1/70      AC:  2    Str: 12    XL:     8   Next: 79%
Magic:  24/24      EV:  5    Int: 16    God:    Wu Jian [......]
Gold:   192        SH:  0    Dex: 23    Spells: 11/17 levels left

rFire   . . .      SeeInvis .     - Unarmed
rCold   . . .      Faith    .   (shield currently unavailable)
rNeg    . . .      Spirit   .   (armour unavailable)
rPois   x          Reflect  .   (helmet currently unavailable)
rElec   .          Harm     .   (cloak currently unavailable)
rCorr   .          Rampage  .   (gloves currently unavailable)
Will    .....                   (boots currently unavailable)
Stlth   ++........              (no amulet)
HPRegen 0.21/turn               f - +6 ring of dexterity
MPRegen 0.19/turn               n - ring of magical power

@: paralysed, spider-form (expiring)
A: venomous fangs, (spit acid), AC +6, tiny, unfitting armour, (cold-blooded),
(acid resistance)
a: End Transformation, Renounce Religion


You were on level 7 of the Dungeon.
You worshipped Wu Jian.
Wu Jian was noncommittal.
You were a venomous arachnid creature.
You visited 2 branches of the dungeon, and saw 8 of its levels.

You collected 225 gold pieces.
You spent 33 gold pieces at shops.

Inventory:

Missiles
 w - a throwing net
Armour
 b - a +0 pair of gloves (melded)
Jewellery
 f - a +6 ring of dexterity (left front leg)
 n - a ring of magical power (right front leg)
 o - a +6 ring of dexterity
 p - the ring "Iletes" {rElec Int+6 Slay+4}
   (You found it on level 4 of the Dungeon)

   [ring of intelligence]

   Int:       It affects your intelligence (+6).
   Slay:      It affects your accuracy & damage with ranged weapons and melee
   (+4).
   rElec:     It insulates you from electricity.
 y - a ring of poison resistance
Wands
 r - a wand of paralysis (12)
Scrolls
 e - 4 scrolls of identify {unknown}
 i - a scroll of torment {unknown}
 k - 2 scrolls of teleportation {unknown}
 q - a scroll of silence {unknown}
 s - 2 scrolls of enchant weapon {unknown}
 t - 2 scrolls of enchant armour {unknown}
 u - a scroll of acquirement {unknown}
 v - a scroll of noise {unknown}
 x - a scroll of vulnerability {unknown}
 z - a scroll of magic mapping {unknown}
 A - a scroll of fear {unknown}
 C - a scroll of amnesia {unknown}
Potions
 a - 4 potions of attraction {unknown}
 c - 4 potions of heal wounds {unknown}
 d - 5 potions of invisibility {unknown}
 g - 5 potions of lignification {unknown}
 h - a potion of degeneration {unknown}
 j - a potion of brilliance {unknown}
 l - 2 potions of curing
 m - a potion of haste {unknown}
 B - a potion of cancellation {unknown}


   Skills:
 + Level 5.7 Fighting
 + Level 2.9 Dodging
 + Level 7.4 Unarmed Combat
 - Level 5.0 Spellcasting
 - Level 5.0 Transmutations


You had 11 spell levels left.
You knew the following spells:

 Your Spells              Type           Power      Damage    Failure   Level
a - Beastly Appendage     Tmut           40%        N/A       8%          1
b - Wereblood             Tmut           20%        N/A       11%         2
c - Spider Form           Tmut/Pois      6%         N/A       34%         3

Your spell library contained the following spells:

 Spells                   Type           Power      Damage    Failure   Level
 Ignite Poison            Fire/Tmut/Pois 9%         N/A       45%         3
 Conjure Flame            Conj/Fire      4%         6-21      63%         3
 Ice Form                 Ice/Tmut       12%        N/A       69%         4
 Cause Fear               Hex            2%         N/A       94%         4
 Olgreb's Toxic Radiance  Pois           4%         N/A       94%         4
 Passage of Golubria      Tloc           4%         N/A       94%         4
 Sticky Flame             Conj/Fire      4%         2d3       94%         4
 Silence                  Hex/Air        2%         N/A       99%         5
 Dragon Form              Tmut           10%        N/A       100%        7
 Ozocubu's Refrigeration  Ice            2%         4d5       100%        7
 Ignition                 Fire           2%         3d3       100%        8
 Lehudib's Crystal Spear  Conj/Erth      2%         10d2      100%        8
 Dragon's Call            Summ           2%         N/A       100%        9


Dungeon Overview and Level Annotations

Branches:
Dungeon (7/15)             Temple (1/1) D:5

Altars:
Ashenzari
Cheibriados
Fedhas
Gozag
Hepliaklqana
Kikubaaqudgha
Makhleb
Nemelex Xobeh
Okawaru
Qazlal
Sif Muna
Trog
Uskayaw
Wu Jian
Xom
Yredelemnul
The Shining One

Shops:
D:3 !

Annotations:
D:7 Pikel


Innate Abilities, Weirdness & Mutations

You are a venomous arachnid creature.
You have poisonous fangs.
You are tiny and dextrous.
Your spellcasting is less reliable in this form.
Your armour is entirely melded.
You are incapable of wielding weapons or throwing items.
((You can spit globs of acid.))
((Your golden yellow scales are hard. (AC +6)))
You cannot fit into any form of body armour.
((You are cold-blooded and may be slowed by cold attacks.))
((You are resistant to acid. (rCorr)))


Message History

The lemure misses you.
You closely miss the lemure.
The lemure is severely wounded.
The lemure completely misses you.
You barely miss the lemure.
The lemure is severely wounded.
The lemure hits you!
You hit the lemure.
The lemure looks as sick as possible!
The lemure is almost dead.
Your transformation is almost over.
The lemure hits you!
Unknown command.
You hit the lemure.
The lemure is almost dead.
You kill the lemure!
That felt strangely unrewarding.
You lunge at Pikel.
You hit Pikel.
Pikel is poisoned.
Pikel is lightly wounded.
Pikel completely misses you.
You hit Pikel.
Pikel looks as sick as possible!
Pikel is moderately wounded.
Pikel misses you.
You hit Pikel.
Pikel is moderately wounded.
Pikel hits you with a +0 whip of freezing!
Pikel freezes you.
You closely miss Pikel.
Pikel is moderately wounded.
Pikel waves his whip at you.
Pikel hits you with a +0 whip of freezing!
* * * LOW HITPOINT WARNING * * *
Pikel freezes you.
* * * LOW HITPOINT WARNING * * *
You hit Pikel.
Pikel looks as sick as possible!
Pikel is heavily wounded.
Pikel zaps a wand.
You suddenly lose the ability to move!
Pikel hits you with a +0 whip of freezing!
* * * LOW HITPOINT WARNING * * *
Pikel freezes you.
You die...

....Z. .....
....# ....
############
...
....55Ks...#
†.
##########.#
.# #.# .#
#.# .# #.#
.# #.# .#
#.# Z# #.#
Z# #.#


You could see Pikel (extremely poisoned) and 2 lemures.

Vanquished Creatures
  Maggie (D:6)
  Prince Ribbit (D:7)
  Sigmund (D:6)
  2 black bears (D:5)
  2 ogres
  2 lemures (D:7)
  A centaur (D:6)
  A phantom (D:6)
  A water moccasin skeleton (D:5)
  A howler monkey (D:5)
  2 orc priests
  5 hounds
  A centaur skeleton (D:6)
  2 iguanas
  Natasha (twice) (D:2)
  A killer bee zombie (D:6)
  A hound zombie (D:5)
  7 gnolls
  4 adders
  A howler monkey skeleton (D:4)
  A white imp (D:5)
  An ufetubus (D:4)
  2 worms (D:2)
  3 dart slugs
  9 orcs
  4 ball pythons
  6 bats
  7 endoplasms
  3 giant cockroaches
  4 goblins
  A hobgoblin (D:2)
  3 quokkas
  4 frilled lizards
  7 kobolds
  2 rats
96 creatures vanquished.

Vanquished Creatures (others)
  A plant (Temple)
1 creature vanquished.

Grand Total: 97 creatures vanquished

Notes
Turn   | Place    | Note
-------+----------+-------------------------------------------
     0 | D:1      | Woods the Draconian Transmuter began the quest for the Orb.
     0 | D:1      | Reached XP level 1. HP: 16/16 MP: 3/3
   173 | D:1      | Reached XP level 2. HP: 16/24 MP: 5/5
   401 | D:1      | Learned a level 2 spell: Wereblood
   868 | D:2      | Reached XP level 3. HP: 30/30 MP: 4/6
  1177 | D:2      | Noticed Natasha
  1187 | D:2      | Killed Natasha
  1243 | D:2      | Reached skill level 4 in Unarmed Combat
  1347 | D:2      | Noticed Natasha
  1353 | D:2      | Killed Natasha
  1354 | D:2      | Reached XP level 4. HP: 31/38 MP: 5/7
  2212 | D:3      | Reached XP level 5. HP: 39/46 MP: 6/8
  2295 | D:3      | Found Cizeteh's Distillery.
  2306 | D:3      | Bought a potion of curing for 33 gold pieces
  2412 | D:3      | Learned a level 3 spell: Spider Form
  2667 | D:3      | Found a stormy altar of Qazlal.
  2697 | D:3      | Found a basalt altar of Yredelemnul.
  2714 | D:3      | Found an ancient bone altar of Kikubaaqudgha.
  2717 | D:3      | Found an ornate altar of the Wu Jian Council.
  3582 | D:4      | Reached skill level 5 in Unarmed Combat
  3624 | D:4      | Identified the ring "Iletes" {rElec Int+6 Slay+4}
  3684 | D:4      | Reached XP level 6. HP: 49/53 MP: 9/9
  3850 | D:5      | Entered Level 5 of the Dungeon
  3897 | D:5      | Reached skill level 5 in Fighting
  3924 | D:5      | Reached skill level 6 in Unarmed Combat
  3931 | D:5      | Your scales start taking on a golden yellow colour.
  3931 | D:5      | Reached XP level 7. HP: 23/61 MP: 10/10
  3931 | D:5      | Gained mutation: You are resistant to acid. (rCorr) [Yellow
                  | Draconian growth]
  4168 | D:5      | Found a staircase to the Ecumenical Temple.
  4225 | Temple   | Entered the Ecumenical Temple
  4624 | D:5      | Reached skill level 7 in Unarmed Combat
  4824 | D:3      | Became a worshipper of the Wu Jian Council
  5348 | D:5      | Found a bloodstained altar of Trog.
  5461 | D:6      | Noticed Maggie
  5477 | D:6      | Killed Maggie
  5478 | D:6      | Reached XP level 8. HP: 16/68 MP: 13/13
  6112 | D:6      | Reached skill level 5 in Transmutations
  6406 | D:6      | Noticed Sigmund
  6424 | D:6      | Killed Sigmund
  6425 | D:6      | Reached skill level 5 in Spellcasting
  6953 | D:7      | Noticed Prince Ribbit
  6986 | D:7      | Killed Prince Ribbit
  7220 | D:7      | Noticed Pikel
  7241 | D:7      | Paralysed by Pikel for 7 turns
  7242 | D:7      | Slain by Pikel

Illustrated notes

Levels and vault maps discovered:
D:1:      lemuel_arrival_tunnels, layout_basic
D:2:      layout_loops_corners, uniq_natasha
D:3:      layout_loops_ring, grunt_temple_overflow_cloverleaf, serial_shops,
          nicolae_shop_waterfront
D:4:      layout_gridville
D:5:      layout_loops_ring, trog_book, temple_hall
D:6:      layout_loops_ring, corexii_hall_statues_deadend,
          hangedman_decor_lopped, uniq_sigmund, uniq_maggie
D:7:      layout_basic, uniq_pikel, uniq_prince_ribbit1
Temple:   minmay_temple_forest_path

Skill      XL: |  1  2  3  4  5  6  7  8 |
---------------+-------------------------+-----
Fighting       | 2 3 4 5 |  5.7
Unarmed Combat | 4 5 6 7 |  7.4
Transmutations | 4 5 |  5.0
Spellcasting   | 3 5 |  5.0
Dodging        | 2 |  2.9

Action                   |  1- 3 |  4- 6 |  7- 9 || total
-------------------------+-------+-------+-------++-------
Melee: Unarmed           |    93 |   137 |   132 ||   362
       Kick              |    22 |    24 |    15 ||    61
       Tailslap          |     8 |    15 |    15 ||    38
       Headbutt          |     9 |    19 |     5 ||    33
       Punch             |       |     2 |     1 ||     3
 Cast: Beastly Appendage |    17 |    23 |    12 ||    52
       Spider Form       |       |       |     7 ||     7
Invok: Lunge             |       |       |     6 ||     6
 Stab: Sleeping          |     2 |     3 |       ||     5
Armor: Skin              |    37 |    44 |    24 ||   105
Dodge: Dodged            |    68 |    66 |    77 ||   211

Table legend: (Time is in decaauts)
 A = Elapsed time spent in this place.
 B = Non-inter-level travel time spent in this place.
 C = Inter-level travel time spent in this place.
 D = Time resting spent in this place.
 E = Time spent auto-exploring this place.
 F = Levels seen in this place.
 G = Mean time per level.
                   A        B        C        D        E       F      G
               +--------+--------+--------+--------+--------+-----+--------+
         Total |   7219 |   6900 |    319 |   1236 |   4694 |   8 |  902.4 |
       Dungeon |   6851 |   6560 |    291 |   1236 |   4383 |   7 |  978.7 |
        Temple |    368 |    340 |     28 |      0 |    311 |   1 |  368.0 |
               +--------+--------+--------+--------+--------+-----+--------+

Top non-repeatable levels by time:
     D:6: 1749 daAuts
     D:2: 1479 daAuts
     D:5: 1105 daAuts
     D:3: 890 daAuts
     D:4: 824 daAuts
     D:1: 727 daAuts
  Temple: 368 daAuts
     D:7: 75 daAuts
